 Dungeon Crawl Stone Soup version 0.30.0-29-ga12c61a403 (webtiles) character file.

Game seed: 9823524260713108137

3676 qw the Cleaver (level 10, 63/63 HPs)
             Began as a Gargoyle Fighter on June 4, 2023.
             Was a Priest of Okawaru.
             Quit the game on level 6 of the Dungeon.
             The game lasted 00:08:05 (6035 turns).

qw the Cleaver (Gargoyle Fighter)                   Turns: 6035, Time: 00:08:05

Health: 63/63      AC: 27    Str: 24    XL:     10   Next: 13%
Magic:  13/13      EV:  7    Int:  9    God:    Okawaru [***...]
Gold:   1729       SH:  4    Dex:  9    Spells: 9/9 levels left

rFire   . . .        Y - +3 war axe
rCold   . . .        c - +0 buckler
rNeg    + . .        s - +0 plate armour
rPois   inf          e - +0 helmet
rElec   +            (no cloak)
rCorr   .            (no gloves)
SInv    .            j - +0 pair of boots
Will    +....        b - amulet of regeneration Stlth
                     k - +4 ring of protection
HPRegen 1.10/turn    o - ring of willpower
MPRegen 0.13/turn

%: no passive effects
@: no status effects
A: sickness immunity, AC +7, negative energy resistance 1, electricity
resistance, torment resistance 1, petrification resistance
a: Renounce Religion, Heroism


You were on level 6 of the Dungeon.
You worshipped Okawaru.
Okawaru was most pleased with you.
You visited 2 branches of the dungeon, and saw 7 of its levels.

You collected 1749 gold pieces.
You spent 20 gold pieces at shops.


Innate Abilities, Weirdness & Mutations

You are immune to sickness and miasma.
Your stone body is resilient. (AC +7)
You are immune to poison.
You resist negative energy. (rN+)
You are resistant to electric shocks. (rElec)
You are resistant to unholy torment.
You are immune to petrification.


   Skills:
 - Level 7.0 Fighting
 + Level 9.3 Axes
 - Level 1.4 Throwing
 - Level 7.0 Armour
 - Level 1.5 Dodging
 - Level 5.2 Shields
 - Level 4.2 Invocations


You had 9 spell levels left.
You didn't know any spells.
Your spell library was empty.

Inventory:

Hand Weapons
 l - a +2 morningstar of flaming
 Y - a +3 war axe (weapon)
Missiles
 a - 4 boomerangs (quivered)
Armour
 c - a +0 buckler (worn)
 e - a +0 helmet (worn)
 j - a +0 pair of boots (worn)
 s - a +0 plate armour (worn)
Jewellery
 b - an amulet of regeneration (around neck)
 k - a +4 ring of protection (left hand)
 o - a ring of willpower (right hand)
Scrolls
 h - 4 scrolls of identify
Potions
 d - 2 potions of might
 f - 4 potions of haste
 g - a potion of cancellation
 i - a potion of resistance
 n - a potion of curing
 p - a potion of attraction

Dungeon Overview and Level Annotations

Branches:
Dungeon (6/15)             Temple (1/1) D:5

Altars:
Ashenzari
Cheibriados
Dithmenos
Gozag
Hepliaklqana
Kikubaaqudgha
Okawaru
Ru
Trog
Uskayaw
Xom
Yredelemnul

Shops:
D:1 =(?[   D:3 [

Annotations:
D:4 3 runed translucent doors, qw's ghost, amateur GrFi


Message History

Where to? (* - list waypoints, Enter - D:7, ? - help)
What level of the Dungeon? (default 1, ? - help) Sorry, I don't know how to get there.
6027 ||| Stepping randomly (stuck).
(D) Dungeon (T) Temple
Where to? (* - list waypoints, Enter - D:7, ? - help)
What level of the Dungeon? (default 1, ? - help) Sorry, I don't know how to get there.
6028 ||| Stepping randomly (stuck).
(D) Dungeon (T) Temple
Where to? (* - list waypoints, Enter - D:7, ? - help)
What level of the Dungeon? (default 1, ? - help) Sorry, I don't know how to get there.
6029 ||| Stepping randomly (stuck).
(D) Dungeon (T) Temple
Where to? (* - list waypoints, Enter - D:7, ? - help)
What level of the Dungeon? (default 1, ? - help) Sorry, I don't know how to get there.
6030 ||| Stepping randomly (stuck).
(D) Dungeon (T) Temple
Where to? (* - list waypoints, Enter - D:7, ? - help)
What level of the Dungeon? (default 1, ? - help) Sorry, I don't know how to get there.
6031 ||| Stepping randomly (stuck).
(D) Dungeon (T) Temple
Where to? (* - list waypoints, Enter - D:7, ? - help)
What level of the Dungeon? (default 1, ? - help) Sorry, I don't know how to get there.
6032 ||| Stepping randomly (stuck).
(D) Dungeon (T) Temple
Where to? (* - list waypoints, Enter - D:7, ? - help)
What level of the Dungeon? (default 1, ? - help) Sorry, I don't know how to get there.
6033 ||| Stepping randomly (stuck).
(D) Dungeon (T) Temple
Where to? (* - list waypoints, Enter - D:7, ? - help)
What level of the Dungeon? (default 1, ? - help) Sorry, I don't know how to get there.
6034 ||| Stepping randomly (stuck).
Are you sure you want to abandon this character and quit the game? (Confirm with "yes".)

....# #.........# #[.......#
#######)........######........#
......))........+.............#
#######.........#####.%.......#
#.........# #.........###
#.........# ###.......... ##
#####################%########
.# #....'.........'....#.# .#
#....#.......@.#...P#.#### .#
#... #.........#P...#....#####
.# #..
#.........#...P#.##%..... ## #.
#.........#P...#<##...... ####
#......)..#...P#.##...... ...#
#.........#P...#.##...... .#.#
#.........#...P#..#...... .#.#
#.........#P...#.##...... .#.#
#####'########)#.##......


There were no monsters in sight!

Vanquished Creatures
  Pikel (D:6)
  2 cyclopes (D:6)
  A gargoyle (D:6)
  Prince Ribbit (D:5)
  A shadow (D:6)
  A steam dragon (D:5)
  A vampire mosquito (D:6)
  A water moccasin (D:6)
  2 black bears
  3 ice beasts
  A centaur (D:6)
  2 lemures (D:6)
  Blork the orc (D:4)
  A gnoll sergeant (D:6)
  6 scorpions
  A jelly (D:6)
  5 hounds
  An orc priest (D:5)
  2 iguanas
  2 orc wizards (D:5)
  4 gnolls (D:6)
  5 adders
  2 white imps (D:6)
  An ufetubus (D:6)
  4 worms
  A dart slug (D:3)
  18 orcs
  4 ball pythons
  A bat (D:1)
  4 endoplasms (D:1)
  A giant cockroach (D:4)
  5 goblins
  8 hobgoblins
  3 jackals (D:3)
  2 quokkas
  3 frilled lizards
  4 kobolds
  6 rats
112 creatures vanquished.

Notes
Turn   | Place    | Note
-------+----------+-------------------------------------------
     0 | D:1      | qw the Gargoyle Fighter began the quest for the Orb.
     0 | D:1      | Reached XP level 1. HP: 14/14 MP: 1/1
     0 | D:1      | 0 ||| qw: Version: 0.2-a-107-g4668610
     0 | D:1      | 0 ||| qw: Game counter: 1210
     0 | D:1      | 0 ||| qw: Always use a shield: true
     0 | D:1      | 0 ||| qw: God list: Okawaru
     0 | D:1      | 0 ||| qw: Allow faded altars: false
     0 | D:1      | 0 ||| qw: Do Orc after D:15 true
     0 | D:1      | 0 ||| qw: Do second Lair branch before Depths: true
     0 | D:1      | 0 ||| qw: Lair rune preference: random
     0 | D:1      | 0 ||| qw: Plans: Normal, Zot:1-4, Slime:5, God:TSO, Crypt,
                  | Tomb, Abyss, Pan, Hells, Win
     0 | D:1      | 0 ||| PLANNING D:1-11
    40 | D:1      | Reached skill level 2 in Axes
    74 | D:1      | 74 ||| Stepping ~*~*~tactically~*~*~ (hiding).
   328 | D:1      | Found a faded altar of an unknown god.
   329 | D:1      | 329 ||| UPGRADING to +0 helmet.
   337 | D:1      | Reached XP level 2. HP: 19/19 MP: 2/2
   371 | D:1      | Found Egegg's Antique Weapon Shop.
   375 | D:1      | 375 ||| SHOPLISTING club (27 gold, have 26).
   375 | D:1      | 375 ||| SHOPLISTING glowing broad axe (189 gold, have 26).
   375 | D:1      | 375 ||| SHOPLISTING glowing mace (162 gold, have 26).
   541 | D:1      | Found Peadd's Jewellery Shop.
   545 | D:1      | Found Boxidyot's Magic Scroll Shop.
   552 | D:1      | 552 ||| SHOPLISTING +4 ring of protection (360 gold, have
                  | 40).
   552 | D:1      | 552 ||| SHOPLISTING +4 ring of slaying (780 gold, have 40).
   552 | D:1      | 552 ||| SHOPLISTING ring of fire (250 gold, have 40).
   552 | D:1      | 552 ||| SHOPLISTING ring of protection from cold (250 gold,
                  | have 40).
   560 | D:1      | 560 ||| SHOPLISTING 3 scrolls of identify (60 gold, have
                  | 40).
   560 | D:1      | 560 ||| BUYING scroll of identify (20 gold).
   560 | D:1      | Bought a scroll of identify for 20 gold pieces
   560 | D:1      | 560 ||| SHOPLISTING scroll of teleportation (30 gold, have
                  | 20).
   637 | D:1      | Found Noippoas's Antique Armour Shoppe.
   642 | D:1      | 642 ||| SHOPLISTING smelly chain mail (294 gold, have 20).
   970 | D:1      | 970 ||| READING scroll labelled NYNUDY JIOG.
   971 | D:1      | 971 ||| DRINKING 2 coppery potions.
  1000 | D:2      | 1000 ||| STAIRDANCE
  1003 | D:1      | Reached skill level 3 in Axes
  1039 | D:1      | 1039 ||| READING scroll labelled GICIEN OJONE.
  1185 | D:2      | Reached XP level 3. HP: 23/23 MP: 3/3
  1210 | D:2      | 1210 ||| Stepping ~*~*~tactically~*~*~ (hiding).
  1211 | D:2      | 1211 ||| Stepping ~*~*~tactically~*~*~ (hiding).
  1213 | D:2      | 1213 ||| Stepping ~*~*~tactically~*~*~ (hiding).
  1337 | D:2      | 1337 ||| READING scroll of enchant weapon.
  1337 | D:2      | 1337 ||| ENCHANTING +1 war axe.
  1381 | D:2      | 1381 ||| Stepping ~*~*~tactically~*~*~ (hiding).
  1399 | D:2      | 1399 ||| Stepping ~*~*~tactically~*~*~ (stealth).
  1434 | D:2      | 1434 ||| Stepping ~*~*~tactically~*~*~ (hiding).
  1554 | D:2      | Reached XP level 4. HP: 28/28 MP: 4/4
  1742 | D:2      | 1742 ||| UPGRADING to +0 chain mail.
  1752 | D:2      | 1752 ||| DROPPING +0 scale mail.
  1753 | D:2      | 1753 ||| UPGRADING to +4 ring of protection.
  1754 | D:2      | 1754 ||| READING scroll labelled ZETUF BETUGGA.
  1755 | D:2      | 1755 ||| READING scroll labelled PONIGIMMAV.
  1756 | D:2      | 1756 ||| DRINKING 2 viscous grey potions.
  1812 | D:3      | 1812 ||| READING scroll of enchant weapon.
  1812 | D:3      | 1812 ||| ENCHANTING +2 war axe.
  1830 | D:3      | Reached skill level 4 in Axes
  1892 | D:3      | 1892 ||| Stepping ~*~*~tactically~*~*~ (hiding).
  1893 | D:3      | 1893 ||| Stepping ~*~*~tactically~*~*~ (hiding).
  2022 | D:3      | Found Jeaggy's Antique Armour Shop.
  2030 | D:3      | 2030 ||| SHOPLISTING cloak (139 gold, have 85).
  2030 | D:3      | 2030 ||| SHOPLISTING glowing orb (372 gold, have 85).
  2030 | D:3      | 2030 ||| SHOPLISTING glowing scale mail (217 gold, have
                  | 85).
  2030 | D:3      | 2030 ||| SHOPLISTING pair of boots (139 gold, have 85).
  2030 | D:3      | 2030 ||| SHOPLISTING pair of embroidered boots (232 gold,
                  | have 85).
  2224 | D:3      | 2224 ||| DROPPING +0 club.
  2227 | D:3      | 2227 ||| Stepping ~*~*~tactically~*~*~ (hiding).
  2582 | D:3      | 2582 ||| UPGRADING to +0 pair of boots.
  2587 | D:3      | 2587 ||| UPGRADING to amulet of regeneration.
  2592 | D:3      | 2592 ||| DRINKING 2 glowing cyan potions.
  2697 | D:3      | 2697 ||| DRINKING 2 grey potions.
  2698 | D:3      | 2698 ||| READING 3 scrolls of identify.
  2698 | D:3      | 2698 ||| IDENTIFYING golden potion
  2699 | D:3      | 2699 ||| READING 2 scrolls of identify.
  2699 | D:3      | 2699 ||| IDENTIFYING metallic puce potion
  2700 | D:3      | 2700 ||| DROPPING potion of berserk rage.
  2797 | D:4      | Found a runed translucent gate.
  2797 | D:4      | Found a runed translucent gate.
  2797 | D:4      | Found a runed translucent gate.
  2846 | D:4      | Reached XP level 5. HP: 32/32 MP: 5/5
  2869 | D:4      | 2869 ||| Stepping ~*~*~tactically~*~*~ (stealth).
  2898 | D:4      | Noticed a black bear
  2914 | D:4      | Killed a black bear
  2915 | D:4      | Reached skill level 5 in Axes
  2915 | D:4      | Reached XP level 6. HP: 20/37 MP: 6/6
  3244 | D:4      | Noticed an ice beast
  3244 | D:4      | Noticed qw's ghost (amateur GrFi)
  3268 | D:4      | 3268 ||| UPGRADING to +0 plate armour.
  3278 | D:4      | 3278 ||| DROPPING +0 chain mail.
  3279 | D:4      | 3279 ||| READING scroll labelled HEUMUM UHEAX.
  3280 | D:4      | 3280 ||| READING scroll labelled XALU NICESHREVO.
  3281 | D:4      | 3281 ||| READING scroll labelled CYETAR JARUM.
  3282 | D:4      | 3282 ||| DRINKING 2 yellow potions.
  3291 | D:5      | Entered Level 5 of the Dungeon
  3291 | D:5      | Noticed Blork the orc
  3291 | D:5      | Found a staircase to the Ecumenical Temple.
  3292 | D:5      | 3292 ||| PLANNING SEWER
  3296 | D:5      | 3296 ||| STAIRDANCE
  3305 | D:4      | Killed Blork the orc
  3345 | D:5      | Reached skill level 6 in Axes
  3478 | D:5      | 3478 ||| Stepping ~*~*~tactically~*~*~ (stealth).
  3482 | D:5      | 3482 ||| Stepping ~*~*~tactically~*~*~ (hiding).
  3487 | D:5      | Noticed an ice beast
  3493 | D:5      | Reached XP level 7. HP: 42/43 MP: 7/7
  3502 | D:5      | 3502 ||| DROPPING +0 mace.
  3509 | D:5      | 3509 ||| Stepping ~*~*~tactically~*~*~ (stealth).
  3510 | D:5      | 3510 ||| Stepping ~*~*~tactically~*~*~ (stealth).
  3575 | D:5      | Noticed Prince Ribbit
  3609 | D:5      | HP: 6/43 [Prince Ribbit (9)]
  3610 | D:5      | 3610 ||| DRINKING 3 potions of heal wounds.
  3611 | D:5      | Killed Prince Ribbit
  3612 | D:5      | Reached skill level 7 in Axes
  3759 | D:5      | Found an ancient bone altar of Kikubaaqudgha.
  3801 | D:5      | Noticed a steam dragon
  3811 | D:5      | Killed a steam dragon
  3812 | D:5      | Reached XP level 8. HP: 33/49 MP: 8/8
  3978 | D:5      | 3978 ||| RIP SEWER
  4024 | D:5      | 4024 ||| PLANNING TEMPLE
  4024 | D:5      | 4024 ||| READING scroll labelled ECAKINTEURE.
  4024 | D:5      | Identified a scroll of acquirement
  4024 | D:5      | 4024 ||| ACQUIRING 942 gold pieces
  4024 | D:5      | Acquired 942 gold pieces
  4026 | D:5      | 4026 ||| READING scroll labelled AXU TORACKA.
  4027 | D:5      | 4027 ||| READING scroll labelled WITHRYISEDGH.
  4041 | Temple   | Entered the Ecumenical Temple
  4042 | Temple   | 4042 ||| PLANNING OKAWARU WORSHIP
  4061 | Temple   | Became a worshipper of Warmaster Okawaru
  4061 | Temple   | 4061 ||| PLANNING D:1-11
  4085 | D:5      | Found a snail-covered altar of Cheibriados.
  4245 | D:5      | Reached skill level 1 in Dodging
  4369 | D:6      | 4369 ||| Stepping ~*~*~tactically~*~*~ (stealth).
  4370 | D:6      | 4370 ||| Stepping ~*~*~tactically~*~*~ (stealth).
  4376 | D:6      | Reached skill level 1 in Throwing
  4439 | D:6      | Reached skill level 8 in Axes
  4809 | D:6      | Noticed Pikel
  4841 | D:6      | Killed Pikel
  4841 | D:6      | Reached * piety under Okawaru
  4841 | D:6      | Reached ** piety under Okawaru
  4842 | D:6      | Reached XP level 9. HP: 20/54 MP: 9/9
  4842 | D:6      | 4842 ||| INVOKING Heroism.
  4853 | D:6      | Reached skill level 1 in Invocations
  4888 | D:6      | 4888 ||| UPGRADING to ring of willpower.
  4889 | D:6      | 4889 ||| READING scroll labelled VUG IT TIACASS.
  4903 | D:6      | 4903 ||| Stepping randomly (stuck).
  4904 | D:6      | 4904 ||| Stepping randomly (stuck).
  4905 | D:6      | 4905 ||| Stepping randomly (stuck).
  4906 | D:6      | 4906 ||| Stepping randomly (stuck).
  4907 | D:6      | 4907 ||| Stepping randomly (stuck).
  4908 | D:6      | 4908 ||| Stepping randomly (stuck).
  4909 | D:6      | 4909 ||| Stepping randomly (stuck).
  4910 | D:6      | 4910 ||| Stepping randomly (stuck).
  4911 | D:6      | 4911 ||| Stepping randomly (stuck).
  4912 | D:6      | 4912 ||| Stepping randomly (stuck).
  4913 | D:6      | 4913 ||| Stepping randomly (stuck).
  4914 | D:6      | 4914 ||| Stepping randomly (stuck).
  4915 | D:6      | 4915 ||| Stepping randomly (stuck).
  4916 | D:6      | 4916 ||| Stepping randomly (stuck).
  4917 | D:6      | 4917 ||| Stepping randomly (stuck).
  4931 | D:6      | Noticed a gargoyle
  4938 | D:6      | Noticed a cyclops
  4939 | D:6      | 4939 ||| INVOKING Heroism.
  4941 | D:6      | Reached skill level 6 in Fighting
  4942 | D:6      | Killed a gargoyle
  4943 | D:6      | Reached skill level 3 in Invocations
  4946 | D:6      | Noticed a cyclops
  4950 | D:6      | HP: 10/55 [cyclops (10)]
  4951 | D:6      | 4951 ||| DRINKING 2 potions of heal wounds.
  4953 | D:6      | 4953 ||| INVOKING Heroism.
  4955 | D:6      | Killed a cyclops
  4955 | D:6      | Reached *** piety under Okawaru
  4955 | D:6      | HP: 11/55 [cyclops (10)]
  4956 | D:6      | Reached skill level 9 in Axes
  4956 | D:6      | 4956 ||| DRINKING potion of heal wounds.
  4960 | D:6      | Killed a cyclops
  4961 | D:6      | Reached XP level 10. HP: 38/60 MP: 8/13
  4974 | D:6      | 4974 ||| Stepping ~*~*~tactically~*~*~ (hiding).
  4996 | D:6      | 4996 ||| Stepping randomly (stuck).
  4997 | D:6      | 4997 ||| Stepping randomly (stuck).
  4998 | D:6      | 4998 ||| Stepping randomly (stuck).
  4999 | D:6      | 4999 ||| Stepping randomly (stuck).
  5000 | D:6      | 5000 ||| Stepping randomly (stuck).
  5001 | D:6      | 5001 ||| Stepping randomly (stuck).
  5002 | D:6      | 5002 ||| Stepping randomly (stuck).
  5003 | D:6      | 5003 ||| Stepping randomly (stuck).
  5004 | D:6      | 5004 ||| Stepping randomly (stuck).
  5005 | D:6      | 5005 ||| Stepping randomly (stuck).
  5006 | D:6      | 5006 ||| Stepping randomly (stuck).
  5007 | D:6      | 5007 ||| Stepping randomly (stuck).
  5008 | D:6      | 5008 ||| Stepping randomly (stuck).
  5009 | D:6      | 5009 ||| Stepping randomly (stuck).
  5010 | D:6      | 5010 ||| Stepping randomly (stuck).
  5011 | D:6      | 5011 ||| Stepping randomly (stuck).
  5013 | D:6      | 5013 ||| Stepping randomly (stuck).
  5014 | D:6      | 5014 ||| Stepping randomly (stuck).
  5015 | D:6      | 5015 ||| Stepping randomly (stuck).
  5016 | D:6      | 5016 ||| Stepping randomly (stuck).
  5017 | D:6      | 5017 ||| Stepping randomly (stuck).
  5018 | D:6      | 5018 ||| Stepping randomly (stuck).
  5019 | D:6      | 5019 ||| Stepping randomly (stuck).
  5020 | D:6      | 5020 ||| Stepping randomly (stuck).
  5021 | D:6      | 5021 ||| Stepping randomly (stuck).
  5022 | D:6      | 5022 ||| Stepping randomly (stuck).
  5023 | D:6      | 5023 ||| Stepping randomly (stuck).
  5024 | D:6      | 5024 ||| Stepping randomly (stuck).
  5025 | D:6      | 5025 ||| Stepping randomly (stuck).
  5026 | D:6      | 5026 ||| Stepping randomly (stuck).
  5027 | D:6      | 5027 ||| Stepping randomly (stuck).
  5028 | D:6      | 5028 ||| Stepping randomly (stuck).
  5029 | D:6      | 5029 ||| Stepping randomly (stuck).
  5030 | D:6      | 5030 ||| Stepping randomly (stuck).
  5031 | D:6      | 5031 ||| Stepping randomly (stuck).
  5032 | D:6      | 5032 ||| Stepping randomly (stuck).
  5033 | D:6      | 5033 ||| Stepping randomly (stuck).
  5034 | D:6      | 5034 ||| Stepping randomly (stuck).
  5035 | D:6      | 5035 ||| Stepping randomly (stuck).
  5036 | D:6      | 5036 ||| Stepping randomly (stuck).
  5037 | D:6      | 5037 ||| Stepping randomly (stuck).
  5038 | D:6      | 5038 ||| Stepping randomly (stuck).
  5039 | D:6      | 5039 ||| Stepping randomly (stuck).
  5040 | D:6      | 5040 ||| Stepping randomly (stuck).
  5041 | D:6      | 5041 ||| Stepping randomly (stuck).
  5042 | D:6      | 5042 ||| Stepping randomly (stuck).
  5043 | D:6      | 5043 ||| Stepping randomly (stuck).
  5044 | D:6      | 5044 ||| Stepping randomly (stuck).
  5045 | D:6      | 5045 ||| Stepping randomly (stuck).
  5046 | D:6      | 5046 ||| Stepping randomly (stuck).
  5047 | D:6      | 5047 ||| Stepping randomly (stuck).
  5048 | D:6      | 5048 ||| Stepping randomly (stuck).
  5049 | D:6      | 5049 ||| Stepping randomly (stuck).
  5050 | D:6      | 5050 ||| Stepping randomly (stuck).
  5051 | D:6      | 5051 ||| Stepping randomly (stuck).
  5052 | D:6      | 5052 ||| Stepping randomly (stuck).
  5053 | D:6      | 5053 ||| Stepping randomly (stuck).
  5054 | D:6      | 5054 ||| Stepping randomly (stuck).
  5055 | D:6      | 5055 ||| Stepping randomly (stuck).
  5056 | D:6      | 5056 ||| Stepping randomly (stuck).
  5057 | D:6      | 5057 ||| Stepping randomly (stuck).
  5058 | D:6      | 5058 ||| Stepping randomly (stuck).
  5059 | D:6      | 5059 ||| Stepping randomly (stuck).
  5060 | D:6      | 5060 ||| Stepping randomly (stuck).
  5061 | D:6      | 5061 ||| Stepping randomly (stuck).
  5062 | D:6      | 5062 ||| Stepping randomly (stuck).
  5063 | D:6      | 5063 ||| Stepping randomly (stuck).
  5064 | D:6      | 5064 ||| Stepping randomly (stuck).
  5065 | D:6      | 5065 ||| Stepping randomly (stuck).
  5066 | D:6      | 5066 ||| Stepping randomly (stuck).
  5067 | D:6      | 5067 ||| Stepping randomly (stuck).
  5068 | D:6      | 5068 ||| Stepping randomly (stuck).
  5069 | D:6      | 5069 ||| Stepping randomly (stuck).
  5070 | D:6      | 5070 ||| Stepping randomly (stuck).
  5071 | D:6      | 5071 ||| Stepping randomly (stuck).
  5072 | D:6      | 5072 ||| Stepping randomly (stuck).
  5073 | D:6      | 5073 ||| Stepping randomly (stuck).
  5074 | D:6      | 5074 ||| Stepping randomly (stuck).
  5075 | D:6      | 5075 ||| Stepping randomly (stuck).
  5076 | D:6      | 5076 ||| Stepping randomly (stuck).
  5077 | D:6      | 5077 ||| Stepping randomly (stuck).
  5078 | D:6      | 5078 ||| Stepping randomly (stuck).
  5079 | D:6      | 5079 ||| Stepping randomly (stuck).
  5080 | D:6      | 5080 ||| Stepping randomly (stuck).
  5081 | D:6      | 5081 ||| Stepping randomly (stuck).
  5082 | D:6      | 5082 ||| Stepping randomly (stuck).
  5083 | D:6      | 5083 ||| Stepping randomly (stuck).
  5084 | D:6      | 5084 ||| Stepping randomly (stuck).
  5085 | D:6      | 5085 ||| Stepping randomly (stuck).
  5086 | D:6      | 5086 ||| Stepping randomly (stuck).
  5087 | D:6      | 5087 ||| Stepping randomly (stuck).
  5088 | D:6      | 5088 ||| Stepping randomly (stuck).
  5089 | D:6      | 5089 ||| Stepping randomly (stuck).
  5090 | D:6      | 5090 ||| Stepping randomly (stuck).
  5091 | D:6      | 5091 ||| Stepping randomly (stuck).
  5092 | D:6      | 5092 ||| Stepping randomly (stuck).
  5093 | D:6      | 5093 ||| Stepping randomly (stuck).
  5094 | D:6      | 5094 ||| Stepping ~*~*~tactically~*~*~ (stealth).
  5095 | D:6      | 5095 ||| Stepping randomly (stuck).
  5096 | D:6      | 5096 ||| Stepping randomly (stuck).
  5097 | D:6      | 5097 ||| Stepping randomly (stuck).
  5098 | D:6      | 5098 ||| Stepping randomly (stuck).
  5099 | D:6      | 5099 ||| Stepping randomly (stuck).
  5100 | D:6      | 5100 ||| Stepping randomly (stuck).
  5101 | D:6      | 5101 ||| Stepping randomly (stuck).
  5102 | D:6      | 5102 ||| Stepping randomly (stuck).
  5103 | D:6      | 5103 ||| Stepping randomly (stuck).
  5104 | D:6      | 5104 ||| Stepping randomly (stuck).
  5105 | D:6      | 5105 ||| Stepping randomly (stuck).
  5106 | D:6      | 5106 ||| Stepping randomly (stuck).
  5107 | D:6      | 5107 ||| Stepping randomly (stuck).
  5108 | D:6      | 5108 ||| Stepping randomly (stuck).
  5109 | D:6      | 5109 ||| Stepping randomly (stuck).
  5110 | D:6      | 5110 ||| Stepping randomly (stuck).
  5111 | D:6      | 5111 ||| Stepping randomly (stuck).
  5112 | D:6      | 5112 ||| Stepping randomly (stuck).
  5113 | D:6      | 5113 ||| Stepping ~*~*~tactically~*~*~ (stealth).
  5114 | D:6      | 5114 ||| Stepping randomly (stuck).
  5123 | D:6      | 5123 ||| Stepping randomly (stuck).
  5124 | D:6      | 5124 ||| Stepping randomly (stuck).
  5125 | D:6      | 5125 ||| Stepping randomly (stuck).
  5126 | D:6      | 5126 ||| Stepping randomly (stuck).
  5127 | D:6      | 5127 ||| Stepping randomly (stuck).
  5128 | D:6      | 5128 ||| Stepping randomly (stuck).
  5129 | D:6      | 5129 ||| Stepping randomly (stuck).
  5130 | D:6      | 5130 ||| Stepping randomly (stuck).
  5131 | D:6      | 5131 ||| Stepping randomly (stuck).
  5132 | D:6      | 5132 ||| Stepping randomly (stuck).
  5133 | D:6      | 5133 ||| Stepping randomly (stuck).
  5134 | D:6      | 5134 ||| Stepping randomly (stuck).
  5135 | D:6      | 5135 ||| Stepping randomly (stuck).
  5136 | D:6      | 5136 ||| Stepping randomly (stuck).
  5137 | D:6      | 5137 ||| Stepping randomly (stuck).
  5138 | D:6      | 5138 ||| Stepping randomly (stuck).
  5139 | D:6      | 5139 ||| Stepping randomly (stuck).
  5140 | D:6      | 5140 ||| Stepping randomly (stuck).
  5147 | D:6      | 5147 ||| Stepping randomly (stuck).
  5148 | D:6      | 5148 ||| Stepping randomly (stuck).
  5149 | D:6      | 5149 ||| Stepping randomly (stuck).
  5150 | D:6      | 5150 ||| Stepping randomly (stuck).
  5151 | D:6      | 5151 ||| Stepping randomly (stuck).
  5152 | D:6      | 5152 ||| Stepping randomly (stuck).
  5153 | D:6      | 5153 ||| Stepping randomly (stuck).
  5154 | D:6      | 5154 ||| Stepping randomly (stuck).
  5155 | D:6      | 5155 ||| Stepping randomly (stuck).
  5156 | D:6      | 5156 ||| Stepping randomly (stuck).
  5157 | D:6      | 5157 ||| Stepping randomly (stuck).
  5158 | D:6      | 5158 ||| Stepping randomly (stuck).
  5159 | D:6      | 5159 ||| Stepping randomly (stuck).
  5160 | D:6      | 5160 ||| Stepping randomly (stuck).
  5161 | D:6      | 5161 ||| Stepping randomly (stuck).
  5162 | D:6      | 5162 ||| Stepping randomly (stuck).
  5163 | D:6      | 5163 ||| Stepping randomly (stuck).
  5164 | D:6      | 5164 ||| Stepping randomly (stuck).
  5165 | D:6      | 5165 ||| Stepping randomly (stuck).
  5166 | D:6      | 5166 ||| Stepping randomly (stuck).
  5167 | D:6      | 5167 ||| Stepping randomly (stuck).
  5168 | D:6      | 5168 ||| Stepping randomly (stuck).
  5169 | D:6      | 5169 ||| Stepping randomly (stuck).
  5170 | D:6      | 5170 ||| Stepping randomly (stuck).
  5171 | D:6      | 5171 ||| Stepping randomly (stuck).
  5172 | D:6      | 5172 ||| Stepping randomly (stuck).
  5184 | D:6      | 5184 ||| Stepping randomly (stuck).
  5185 | D:6      | 5185 ||| Stepping randomly (stuck).
  5186 | D:6      | 5186 ||| Stepping randomly (stuck).
  5187 | D:6      | 5187 ||| Stepping randomly (stuck).
  5188 | D:6      | 5188 ||| Stepping randomly (stuck).
  5189 | D:6      | 5189 ||| Stepping randomly (stuck).
  5190 | D:6      | 5190 ||| Stepping randomly (stuck).
  5191 | D:6      | 5191 ||| Stepping randomly (stuck).
  5192 | D:6      | 5192 ||| Stepping randomly (stuck).
  5193 | D:6      | 5193 ||| Stepping randomly (stuck).
  5194 | D:6      | 5194 ||| Stepping randomly (stuck).
  5195 | D:6      | 5195 ||| Stepping randomly (stuck).
  5196 | D:6      | 5196 ||| Stepping randomly (stuck).
  5197 | D:6      | 5197 ||| Stepping randomly (stuck).
  5198 | D:6      | 5198 ||| Stepping randomly (stuck).
  5199 | D:6      | 5199 ||| Stepping randomly (stuck).
  5200 | D:6      | 5200 ||| Stepping randomly (stuck).
  5202 | D:6      | 5202 ||| Stepping randomly (stuck).
  5203 | D:6      | 5203 ||| Stepping randomly (stuck).
  5205 | D:6      | 5205 ||| Stepping randomly (stuck).
  5207 | D:6      | 5207 ||| Stepping randomly (stuck).
  5209 | D:6      | 5209 ||| Stepping randomly (stuck).
  5211 | D:6      | 5211 ||| Stepping randomly (stuck).
  5212 | D:6      | 5212 ||| Stepping randomly (stuck).
  5214 | D:6      | 5214 ||| Stepping randomly (stuck).
  5215 | D:6      | 5215 ||| Stepping randomly (stuck).
  5217 | D:6      | 5217 ||| Stepping randomly (stuck).
  5218 | D:6      | 5218 ||| Stepping randomly (stuck).
  5219 | D:6      | 5219 ||| Stepping randomly (stuck).
  5220 | D:6      | 5220 ||| Stepping randomly (stuck).
  5221 | D:6      | 5221 ||| Stepping randomly (stuck).
  5222 | D:6      | 5222 ||| Stepping randomly (stuck).
  5223 | D:6      | 5223 ||| Stepping randomly (stuck).
  5224 | D:6      | 5224 ||| Stepping randomly (stuck).
  5225 | D:6      | 5225 ||| Stepping randomly (stuck).
  5226 | D:6      | 5226 ||| Stepping randomly (stuck).
  5227 | D:6      | 5227 ||| Stepping randomly (stuck).
  5228 | D:6      | 5228 ||| Stepping randomly (stuck).
  5229 | D:6      | 5229 ||| Stepping randomly (stuck).
  5230 | D:6      | 5230 ||| Stepping randomly (stuck).
  5231 | D:6      | 5231 ||| Stepping randomly (stuck).
  5232 | D:6      | 5232 ||| Stepping randomly (stuck).
  5233 | D:6      | 5233 ||| Stepping randomly (stuck).
  5234 | D:6      | 5234 ||| Stepping randomly (stuck).
  5235 | D:6      | 5235 ||| Stepping randomly (stuck).
  5236 | D:6      | 5236 ||| Stepping randomly (stuck).
  5237 | D:6      | 5237 ||| Stepping randomly (stuck).
  5238 | D:6      | 5238 ||| Stepping randomly (stuck).
  5239 | D:6      | 5239 ||| Stepping randomly (stuck).
  5240 | D:6      | 5240 ||| Stepping randomly (stuck).
  5241 | D:6      | 5241 ||| Stepping randomly (stuck).
  5242 | D:6      | 5242 ||| Stepping randomly (stuck).
  5243 | D:6      | 5243 ||| Stepping randomly (stuck).
  5244 | D:6      | 5244 ||| Stepping randomly (stuck).
  5245 | D:6      | 5245 ||| Stepping randomly (stuck).
  5246 | D:6      | 5246 ||| Stepping randomly (stuck).
  5247 | D:6      | 5247 ||| Stepping randomly (stuck).
  5248 | D:6      | 5248 ||| Stepping randomly (stuck).
  5249 | D:6      | 5249 ||| Stepping randomly (stuck).
  5250 | D:6      | 5250 ||| Stepping randomly (stuck).
  5251 | D:6      | 5251 ||| Stepping randomly (stuck).
  5253 | D:6      | 5253 ||| Stepping randomly (stuck).
  5254 | D:6      | 5254 ||| Stepping randomly (stuck).
  5255 | D:6      | 5255 ||| Stepping randomly (stuck).
  5256 | D:6      | 5256 ||| Stepping randomly (stuck).
  5257 | D:6      | 5257 ||| Stepping randomly (stuck).
  5258 | D:6      | 5258 ||| Stepping randomly (stuck).
  5260 | D:6      | 5260 ||| Stepping randomly (stuck).
  5262 | D:6      | 5262 ||| Stepping randomly (stuck).
  5263 | D:6      | 5263 ||| Stepping randomly (stuck).
  5264 | D:6      | 5264 ||| Stepping randomly (stuck).
  5265 | D:6      | 5265 ||| Stepping randomly (stuck).
  5266 | D:6      | 5266 ||| Stepping randomly (stuck).
  5267 | D:6      | 5267 ||| Stepping randomly (stuck).
  5268 | D:6      | 5268 ||| Stepping randomly (stuck).
  5269 | D:6      | 5269 ||| Stepping randomly (stuck).
  5270 | D:6      | 5270 ||| Stepping randomly (stuck).
  5271 | D:6      | 5271 ||| Stepping randomly (stuck).
  5272 | D:6      | 5272 ||| Stepping randomly (stuck).
  5273 | D:6      | 5273 ||| Stepping randomly (stuck).
  5274 | D:6      | 5274 ||| Stepping randomly (stuck).
  5275 | D:6      | 5275 ||| Stepping randomly (stuck).
  5276 | D:6      | 5276 ||| Stepping randomly (stuck).
  5277 | D:6      | 5277 ||| Stepping randomly (stuck).
  5279 | D:6      | 5279 ||| Stepping randomly (stuck).
  5280 | D:6      | 5280 ||| Stepping randomly (stuck).
  5281 | D:6      | 5281 ||| Stepping randomly (stuck).
  5282 | D:6      | 5282 ||| Stepping randomly (stuck).
  5283 | D:6      | 5283 ||| Stepping randomly (stuck).
  5284 | D:6      | 5284 ||| Stepping randomly (stuck).
  5286 | D:6      | 5286 ||| Stepping randomly (stuck).
  5287 | D:6      | 5287 ||| Stepping randomly (stuck).
  5288 | D:6      | 5288 ||| Stepping randomly (stuck).
  5289 | D:6      | 5289 ||| Stepping randomly (stuck).
  5290 | D:6      | 5290 ||| Stepping randomly (stuck).
  5291 | D:6      | 5291 ||| Stepping randomly (stuck).
  5292 | D:6      | 5292 ||| Stepping randomly (stuck).
  5293 | D:6      | 5293 ||| Stepping randomly (stuck).
  5294 | D:6      | 5294 ||| Stepping randomly (stuck).
  5295 | D:6      | 5295 ||| Stepping randomly (stuck).
  5296 | D:6      | 5296 ||| Stepping randomly (stuck).
  5297 | D:6      | 5297 ||| Stepping randomly (stuck).
  5298 | D:6      | 5298 ||| Stepping randomly (stuck).
  5299 | D:6      | 5299 ||| Stepping randomly (stuck).
  5300 | D:6      | 5300 ||| Stepping randomly (stuck).
  5301 | D:6      | 5301 ||| Stepping randomly (stuck).
  5302 | D:6      | 5302 ||| Stepping randomly (stuck).
  5303 | D:6      | 5303 ||| Stepping randomly (stuck).
  5304 | D:6      | 5304 ||| Stepping randomly (stuck).
  5305 | D:6      | 5305 ||| Stepping randomly (stuck).
  5306 | D:6      | 5306 ||| Stepping randomly (stuck).
  5307 | D:6      | 5307 ||| Stepping randomly (stuck).
  5308 | D:6      | 5308 ||| Stepping randomly (stuck).
  5309 | D:6      | 5309 ||| Stepping randomly (stuck).
  5310 | D:6      | 5310 ||| Stepping randomly (stuck).
  5311 | D:6      | 5311 ||| Stepping randomly (stuck).
  5312 | D:6      | 5312 ||| Stepping randomly (stuck).
  5313 | D:6      | 5313 ||| Stepping randomly (stuck).
  5314 | D:6      | 5314 ||| Stepping randomly (stuck).
  5315 | D:6      | 5315 ||| Stepping randomly (stuck).
  5316 | D:6      | 5316 ||| Stepping randomly (stuck).
  5317 | D:6      | 5317 ||| Stepping randomly (stuck).
  5318 | D:6      | 5318 ||| Stepping randomly (stuck).
  5319 | D:6      | 5319 ||| Stepping randomly (stuck).
  5320 | D:6      | 5320 ||| Stepping randomly (stuck).
  5321 | D:6      | 5321 ||| Stepping randomly (stuck).
  5322 | D:6      | 5322 ||| Stepping randomly (stuck).
  5323 | D:6      | 5323 ||| Stepping randomly (stuck).
  5324 | D:6      | 5324 ||| Stepping randomly (stuck).
  5325 | D:6      | 5325 ||| Stepping randomly (stuck).
  5326 | D:6      | 5326 ||| Stepping randomly (stuck).
  5327 | D:6      | 5327 ||| Stepping randomly (stuck).
  5328 | D:6      | 5328 ||| Stepping randomly (stuck).
  5329 | D:6      | 5329 ||| Stepping randomly (stuck).
  5330 | D:6      | 5330 ||| Stepping randomly (stuck).
  5331 | D:6      | 5331 ||| Stepping randomly (stuck).
  5332 | D:6      | 5332 ||| Stepping randomly (stuck).
  5333 | D:6      | 5333 ||| Stepping randomly (stuck).
  5334 | D:6      | 5334 ||| Stepping randomly (stuck).
  5335 | D:6      | 5335 ||| Stepping randomly (stuck).
  5336 | D:6      | 5336 ||| Stepping randomly (stuck).
  5337 | D:6      | 5337 ||| Stepping randomly (stuck).
  5338 | D:6      | 5338 ||| Stepping randomly (stuck).
  5339 | D:6      | 5339 ||| Stepping randomly (stuck).
  5345 | D:6      | 5345 ||| INVOKING Heroism.
  5347 | D:6      | 5347 ||| Stepping randomly (stuck).
  5348 | D:6      | 5348 ||| Stepping randomly (stuck).
  5349 | D:6      | 5349 ||| Stepping randomly (stuck).
  5350 | D:6      | 5350 ||| Stepping randomly (stuck).
  5351 | D:6      | 5351 ||| Stepping randomly (stuck).
  5352 | D:6      | 5352 ||| Stepping randomly (stuck).
  5353 | D:6      | 5353 ||| Stepping randomly (stuck).
  5354 | D:6      | 5354 ||| Stepping randomly (stuck).
  5355 | D:6      | 5355 ||| Stepping randomly (stuck).
  5356 | D:6      | 5356 ||| Stepping randomly (stuck).
  5357 | D:6      | 5357 ||| Stepping randomly (stuck).
  5358 | D:6      | 5358 ||| Stepping randomly (stuck).
  5359 | D:6      | 5359 ||| Stepping randomly (stuck).
  5360 | D:6      | 5360 ||| Stepping randomly (stuck).
  5361 | D:6      | 5361 ||| Stepping randomly (stuck).
  5362 | D:6      | 5362 ||| Stepping randomly (stuck).
  5363 | D:6      | 5363 ||| Stepping randomly (stuck).
  5364 | D:6      | 5364 ||| Stepping randomly (stuck).
  5365 | D:6      | 5365 ||| Stepping randomly (stuck).
  5366 | D:6      | 5366 ||| Stepping randomly (stuck).
  5367 | D:6      | 5367 ||| Stepping randomly (stuck).
  5368 | D:6      | 5368 ||| Stepping randomly (stuck).
  5369 | D:6      | 5369 ||| Stepping randomly (stuck).
  5370 | D:6      | 5370 ||| Stepping randomly (stuck).
  5371 | D:6      | 5371 ||| Stepping randomly (stuck).
  5372 | D:6      | 5372 ||| Stepping randomly (stuck).
  5373 | D:6      | 5373 ||| Stepping randomly (stuck).
  5374 | D:6      | 5374 ||| Stepping randomly (stuck).
  5375 | D:6      | 5375 ||| Stepping randomly (stuck).
  5376 | D:6      | 5376 ||| Stepping randomly (stuck).
  5377 | D:6      | 5377 ||| Stepping randomly (stuck).
  5378 | D:6      | 5378 ||| Stepping randomly (stuck).
  5379 | D:6      | 5379 ||| Stepping randomly (stuck).
  5380 | D:6      | 5380 ||| Stepping randomly (stuck).
  5381 | D:6      | 5381 ||| Stepping randomly (stuck).
  5382 | D:6      | 5382 ||| Stepping randomly (stuck).
  5383 | D:6      | 5383 ||| Stepping randomly (stuck).
  5384 | D:6      | 5384 ||| Stepping randomly (stuck).
  5385 | D:6      | 5385 ||| Stepping randomly (stuck).
  5386 | D:6      | 5386 ||| Stepping randomly (stuck).
  5387 | D:6      | 5387 ||| Stepping randomly (stuck).
  5388 | D:6      | 5388 ||| Stepping randomly (stuck).
  5389 | D:6      | 5389 ||| Stepping randomly (stuck).
  5390 | D:6      | 5390 ||| Stepping randomly (stuck).
  5391 | D:6      | 5391 ||| Stepping randomly (stuck).
  5392 | D:6      | 5392 ||| Stepping randomly (stuck).
  5393 | D:6      | 5393 ||| Stepping randomly (stuck).
  5394 | D:6      | 5394 ||| Stepping randomly (stuck).
  5395 | D:6      | 5395 ||| Stepping randomly (stuck).
  5396 | D:6      | 5396 ||| Stepping randomly (stuck).
  5397 | D:6      | 5397 ||| Stepping randomly (stuck).
  5398 | D:6      | 5398 ||| Stepping randomly (stuck).
  5399 | D:6      | 5399 ||| Stepping randomly (stuck).
  5400 | D:6      | 5400 ||| Stepping randomly (stuck).
  5401 | D:6      | 5401 ||| Stepping randomly (stuck).
  5402 | D:6      | 5402 ||| Stepping randomly (stuck).
  5403 | D:6      | 5403 ||| Stepping randomly (stuck).
  5404 | D:6      | 5404 ||| Stepping randomly (stuck).
  5405 | D:6      | 5405 ||| Stepping randomly (stuck).
  5406 | D:6      | 5406 ||| Stepping randomly (stuck).
  5407 | D:6      | 5407 ||| Stepping randomly (stuck).
  5408 | D:6      | 5408 ||| Stepping randomly (stuck).
  5409 | D:6      | 5409 ||| Stepping randomly (stuck).
  5410 | D:6      | 5410 ||| Stepping randomly (stuck).
  5411 | D:6      | 5411 ||| Stepping randomly (stuck).
  5412 | D:6      | 5412 ||| Stepping randomly (stuck).
  5413 | D:6      | 5413 ||| Stepping randomly (stuck).
  5414 | D:6      | 5414 ||| Stepping randomly (stuck).
  5415 | D:6      | 5415 ||| Stepping randomly (stuck).
  5416 | D:6      | 5416 ||| Stepping randomly (stuck).
  5417 | D:6      | 5417 ||| Stepping randomly (stuck).
  5418 | D:6      | 5418 ||| Stepping randomly (stuck).
  5419 | D:6      | 5419 ||| Stepping randomly (stuck).
  5420 | D:6      | 5420 ||| Stepping randomly (stuck).
  5421 | D:6      | 5421 ||| Stepping randomly (stuck).
  5422 | D:6      | 5422 ||| Stepping randomly (stuck).
  5423 | D:6      | 5423 ||| Stepping randomly (stuck).
  5424 | D:6      | 5424 ||| Stepping randomly (stuck).
  5426 | D:6      | 5426 ||| Stepping randomly (stuck).
  5427 | D:6      | 5427 ||| Stepping randomly (stuck).
  5428 | D:6      | 5428 ||| Stepping randomly (stuck).
  5429 | D:6      | 5429 ||| Stepping randomly (stuck).
  5430 | D:6      | 5430 ||| Stepping randomly (stuck).
  5431 | D:6      | 5431 ||| Stepping randomly (stuck).
  5432 | D:6      | 5432 ||| Stepping randomly (stuck).
  5433 | D:6      | 5433 ||| Stepping randomly (stuck).
  5434 | D:6      | 5434 ||| Stepping randomly (stuck).
  5435 | D:6      | 5435 ||| Stepping randomly (stuck).
  5436 | D:6      | 5436 ||| Stepping randomly (stuck).
  5437 | D:6      | 5437 ||| Stepping randomly (stuck).
  5438 | D:6      | 5438 ||| Stepping randomly (stuck).
  5439 | D:6      | 5439 ||| Stepping randomly (stuck).
  5440 | D:6      | 5440 ||| Stepping randomly (stuck).
  5441 | D:6      | 5441 ||| Stepping randomly (stuck).
  5442 | D:6      | 5442 ||| Stepping randomly (stuck).
  5443 | D:6      | 5443 ||| Stepping randomly (stuck).
  5444 | D:6      | 5444 ||| Stepping randomly (stuck).
  5445 | D:6      | 5445 ||| Stepping randomly (stuck).
  5446 | D:6      | 5446 ||| Stepping randomly (stuck).
  5447 | D:6      | 5447 ||| Stepping randomly (stuck).
  5448 | D:6      | 5448 ||| Stepping randomly (stuck).
  5449 | D:6      | 5449 ||| Stepping randomly (stuck).
  5450 | D:6      | 5450 ||| Stepping randomly (stuck).
  5451 | D:6      | 5451 ||| Stepping randomly (stuck).
  5452 | D:6      | 5452 ||| Stepping randomly (stuck).
  5453 | D:6      | 5453 ||| Stepping randomly (stuck).
  5454 | D:6      | 5454 ||| Stepping randomly (stuck).
  5455 | D:6      | 5455 ||| Stepping randomly (stuck).
  5456 | D:6      | 5456 ||| Stepping randomly (stuck).
  5457 | D:6      | 5457 ||| Stepping randomly (stuck).
  5458 | D:6      | 5458 ||| Stepping randomly (stuck).
  5459 | D:6      | 5459 ||| Stepping randomly (stuck).
  5460 | D:6      | 5460 ||| Stepping randomly (stuck).
  5461 | D:6      | 5461 ||| Stepping randomly (stuck).
  5462 | D:6      | 5462 ||| Stepping randomly (stuck).
  5463 | D:6      | 5463 ||| Stepping randomly (stuck).
  5464 | D:6      | 5464 ||| Stepping randomly (stuck).
  5465 | D:6      | 5465 ||| Stepping randomly (stuck).
  5466 | D:6      | 5466 ||| Stepping randomly (stuck).
  5467 | D:6      | 5467 ||| Stepping randomly (stuck).
  5468 | D:6      | 5468 ||| Stepping randomly (stuck).
  5469 | D:6      | 5469 ||| Stepping randomly (stuck).
  5470 | D:6      | 5470 ||| Stepping randomly (stuck).
  5471 | D:6      | 5471 ||| Stepping randomly (stuck).
  5472 | D:6      | 5472 ||| Stepping randomly (stuck).
  5473 | D:6      | 5473 ||| Stepping randomly (stuck).
  5474 | D:6      | 5474 ||| Stepping randomly (stuck).
  5475 | D:6      | 5475 ||| Stepping randomly (stuck).
  5476 | D:6      | 5476 ||| Stepping randomly (stuck).
  5477 | D:6      | 5477 ||| Stepping randomly (stuck).
  5478 | D:6      | 5478 ||| Stepping randomly (stuck).
  5479 | D:6      | 5479 ||| Stepping randomly (stuck).
  5480 | D:6      | 5480 ||| Stepping randomly (stuck).
  5481 | D:6      | 5481 ||| Stepping randomly (stuck).
  5482 | D:6      | 5482 ||| Stepping randomly (stuck).
  5483 | D:6      | 5483 ||| Stepping randomly (stuck).
  5484 | D:6      | 5484 ||| Stepping randomly (stuck).
  5485 | D:6      | 5485 ||| Stepping randomly (stuck).
  5486 | D:6      | 5486 ||| Stepping randomly (stuck).
  5487 | D:6      | 5487 ||| Stepping randomly (stuck).
  5488 | D:6      | 5488 ||| Stepping randomly (stuck).
  5489 | D:6      | 5489 ||| Stepping randomly (stuck).
  5490 | D:6      | 5490 ||| Stepping randomly (stuck).
  5491 | D:6      | 5491 ||| Stepping randomly (stuck).
  5492 | D:6      | 5492 ||| Stepping randomly (stuck).
  5493 | D:6      | 5493 ||| Stepping randomly (stuck).
  5494 | D:6      | 5494 ||| Stepping randomly (stuck).
  5495 | D:6      | 5495 ||| Stepping randomly (stuck).
  5496 | D:6      | 5496 ||| Stepping randomly (stuck).
  5497 | D:6      | 5497 ||| Stepping randomly (stuck).
  5498 | D:6      | 5498 ||| Stepping randomly (stuck).
  5499 | D:6      | 5499 ||| Stepping randomly (stuck).
  5500 | D:6      | 5500 ||| Stepping randomly (stuck).
  5501 | D:6      | 5501 ||| Stepping randomly (stuck).
  5502 | D:6      | 5502 ||| Stepping randomly (stuck).
  5503 | D:6      | 5503 ||| Stepping randomly (stuck).
  5504 | D:6      | 5504 ||| Stepping randomly (stuck).
  5505 | D:6      | 5505 ||| Stepping randomly (stuck).
  5506 | D:6      | 5506 ||| Stepping randomly (stuck).
  5507 | D:6      | 5507 ||| Stepping randomly (stuck).
  5508 | D:6      | 5508 ||| Stepping randomly (stuck).
  5509 | D:6      | 5509 ||| Stepping randomly (stuck).
  5510 | D:6      | 5510 ||| Stepping randomly (stuck).
  5511 | D:6      | 5511 ||| Stepping randomly (stuck).
  5512 | D:6      | 5512 ||| Stepping randomly (stuck).
  5513 | D:6      | 5513 ||| Stepping randomly (stuck).
  5514 | D:6      | 5514 ||| Stepping randomly (stuck).
  5515 | D:6      | 5515 ||| Stepping randomly (stuck).
  5516 | D:6      | 5516 ||| Stepping randomly (stuck).
  5517 | D:6      | 5517 ||| Stepping randomly (stuck).
  5518 | D:6      | 5518 ||| Stepping randomly (stuck).
  5519 | D:6      | 5519 ||| Stepping randomly (stuck).
  5520 | D:6      | 5520 ||| Stepping randomly (stuck).
  5521 | D:6      | 5521 ||| Stepping randomly (stuck).
  5522 | D:6      | 5522 ||| Stepping randomly (stuck).
  5523 | D:6      | 5523 ||| Stepping randomly (stuck).
  5524 | D:6      | 5524 ||| Stepping randomly (stuck).
  5525 | D:6      | 5525 ||| Stepping randomly (stuck).
  5526 | D:6      | 5526 ||| Stepping randomly (stuck).
  5527 | D:6      | 5527 ||| Stepping randomly (stuck).
  5528 | D:6      | 5528 ||| Stepping randomly (stuck).
  5529 | D:6      | 5529 ||| Stepping randomly (stuck).
  5530 | D:6      | 5530 ||| Stepping randomly (stuck).
  5531 | D:6      | 5531 ||| Stepping randomly (stuck).
  5532 | D:6      | 5532 ||| Stepping randomly (stuck).
  5533 | D:6      | 5533 ||| Stepping randomly (stuck).
  5534 | D:6      | 5534 ||| Stepping randomly (stuck).
  5535 | D:6      | 5535 ||| Stepping randomly (stuck).
  5536 | D:6      | 5536 ||| Stepping randomly (stuck).
  5537 | D:6      | 5537 ||| Stepping randomly (stuck).
  5538 | D:6      | 5538 ||| Stepping randomly (stuck).
  5539 | D:6      | 5539 ||| Stepping randomly (stuck).
  5540 | D:6      | 5540 ||| Stepping randomly (stuck).
  5541 | D:6      | 5541 ||| Stepping randomly (stuck).
  5542 | D:6      | 5542 ||| Stepping randomly (stuck).
  5543 | D:6      | 5543 ||| Stepping randomly (stuck).
  5544 | D:6      | 5544 ||| Stepping randomly (stuck).
  5545 | D:6      | 5545 ||| Stepping randomly (stuck).
  5546 | D:6      | 5546 ||| Stepping randomly (stuck).
  5547 | D:6      | 5547 ||| Stepping randomly (stuck).
  5548 | D:6      | 5548 ||| Stepping randomly (stuck).
  5549 | D:6      | 5549 ||| Stepping randomly (stuck).
  5550 | D:6      | 5550 ||| Stepping randomly (stuck).
  5551 | D:6      | 5551 ||| Stepping randomly (stuck).
  5552 | D:6      | 5552 ||| Stepping randomly (stuck).
  5553 | D:6      | 5553 ||| Stepping randomly (stuck).
  5554 | D:6      | 5554 ||| Stepping randomly (stuck).
  5555 | D:6      | 5555 ||| Stepping randomly (stuck).
  5556 | D:6      | 5556 ||| Stepping randomly (stuck).
  5557 | D:6      | 5557 ||| Stepping randomly (stuck).
  5558 | D:6      | 5558 ||| Stepping randomly (stuck).
  5559 | D:6      | 5559 ||| Stepping randomly (stuck).
  5560 | D:6      | 5560 ||| Stepping randomly (stuck).
  5561 | D:6      | 5561 ||| Stepping randomly (stuck).
  5562 | D:6      | 5562 ||| Stepping randomly (stuck).
  5563 | D:6      | 5563 ||| Stepping randomly (stuck).
  5564 | D:6      | 5564 ||| Stepping randomly (stuck).
  5565 | D:6      | 5565 ||| Stepping randomly (stuck).
  5566 | D:6      | 5566 ||| Stepping randomly (stuck).
  5567 | D:6      | 5567 ||| Stepping randomly (stuck).
  5568 | D:6      | 5568 ||| Stepping randomly (stuck).
  5569 | D:6      | 5569 ||| Stepping randomly (stuck).
  5570 | D:6      | 5570 ||| Stepping randomly (stuck).
  5571 | D:6      | 5571 ||| Stepping randomly (stuck).
  5572 | D:6      | 5572 ||| Stepping randomly (stuck).
  5573 | D:6      | 5573 ||| Stepping randomly (stuck).
  5574 | D:6      | 5574 ||| Stepping randomly (stuck).
  5575 | D:6      | 5575 ||| Stepping randomly (stuck).
  5576 | D:6      | 5576 ||| Stepping randomly (stuck).
  5577 | D:6      | 5577 ||| Stepping randomly (stuck).
  5578 | D:6      | 5578 ||| Stepping randomly (stuck).
  5579 | D:6      | 5579 ||| Stepping randomly (stuck).
  5580 | D:6      | 5580 ||| Stepping randomly (stuck).
  5581 | D:6      | 5581 ||| Stepping randomly (stuck).
  5582 | D:6      | 5582 ||| Stepping randomly (stuck).
  5583 | D:6      | 5583 ||| Stepping randomly (stuck).
  5584 | D:6      | 5584 ||| Stepping randomly (stuck).
  5585 | D:6      | 5585 ||| Stepping randomly (stuck).
  5586 | D:6      | 5586 ||| Stepping randomly (stuck).
  5587 | D:6      | 5587 ||| Stepping randomly (stuck).
  5588 | D:6      | 5588 ||| Stepping randomly (stuck).
  5589 | D:6      | 5589 ||| Stepping randomly (stuck).
  5590 | D:6      | 5590 ||| Stepping randomly (stuck).
  5591 | D:6      | 5591 ||| Stepping randomly (stuck).
  5592 | D:6      | 5592 ||| Stepping randomly (stuck).
  5593 | D:6      | 5593 ||| Stepping randomly (stuck).
  5594 | D:6      | 5594 ||| Stepping randomly (stuck).
  5595 | D:6      | 5595 ||| Stepping randomly (stuck).
  5596 | D:6      | 5596 ||| Stepping randomly (stuck).
  5597 | D:6      | 5597 ||| Stepping randomly (stuck).
  5598 | D:6      | 5598 ||| Stepping randomly (stuck).
  5599 | D:6      | 5599 ||| Stepping randomly (stuck).
  5600 | D:6      | 5600 ||| Stepping randomly (stuck).
  5601 | D:6      | 5601 ||| Stepping randomly (stuck).
  5602 | D:6      | 5602 ||| Stepping randomly (stuck).
  5603 | D:6      | 5603 ||| Stepping randomly (stuck).
  5604 | D:6      | 5604 ||| Stepping randomly (stuck).
  5605 | D:6      | 5605 ||| Stepping randomly (stuck).
  5606 | D:6      | 5606 ||| Stepping randomly (stuck).
  5607 | D:6      | 5607 ||| Stepping randomly (stuck).
  5608 | D:6      | 5608 ||| Stepping randomly (stuck).
  5609 | D:6      | 5609 ||| Stepping randomly (stuck).
  5610 | D:6      | 5610 ||| Stepping randomly (stuck).
  5611 | D:6      | 5611 ||| Stepping randomly (stuck).
  5612 | D:6      | 5612 ||| Stepping randomly (stuck).
  5613 | D:6      | 5613 ||| Stepping randomly (stuck).
  5614 | D:6      | 5614 ||| Stepping randomly (stuck).
  5615 | D:6      | 5615 ||| Stepping randomly (stuck).
  5616 | D:6      | 5616 ||| Stepping randomly (stuck).
  5617 | D:6      | 5617 ||| Stepping randomly (stuck).
  5618 | D:6      | 5618 ||| Stepping randomly (stuck).
  5619 | D:6      | 5619 ||| Stepping randomly (stuck).
  5620 | D:6      | 5620 ||| Stepping randomly (stuck).
  5621 | D:6      | 5621 ||| Stepping randomly (stuck).
  5622 | D:6      | 5622 ||| Stepping randomly (stuck).
  5623 | D:6      | 5623 ||| Stepping randomly (stuck).
  5624 | D:6      | 5624 ||| Stepping randomly (stuck).
  5625 | D:6      | 5625 ||| Stepping randomly (stuck).
  5626 | D:6      | 5626 ||| Stepping randomly (stuck).
  5627 | D:6      | 5627 ||| Stepping randomly (stuck).
  5628 | D:6      | 5628 ||| Stepping randomly (stuck).
  5629 | D:6      | 5629 ||| Stepping randomly (stuck).
  5630 | D:6      | 5630 ||| Stepping randomly (stuck).
  5631 | D:6      | 5631 ||| Stepping randomly (stuck).
  5632 | D:6      | 5632 ||| Stepping randomly (stuck).
  5633 | D:6      | 5633 ||| Stepping randomly (stuck).
  5634 | D:6      | 5634 ||| Stepping randomly (stuck).
  5635 | D:6      | 5635 ||| Stepping randomly (stuck).
  5636 | D:6      | 5636 ||| Stepping randomly (stuck).
  5637 | D:6      | 5637 ||| Stepping randomly (stuck).
  5638 | D:6      | 5638 ||| Stepping randomly (stuck).
  5639 | D:6      | 5639 ||| Stepping randomly (stuck).
  5640 | D:6      | 5640 ||| Stepping randomly (stuck).
  5641 | D:6      | 5641 ||| Stepping randomly (stuck).
  5642 | D:6      | 5642 ||| Stepping randomly (stuck).
  5643 | D:6      | 5643 ||| Stepping randomly (stuck).
  5644 | D:6      | 5644 ||| Stepping randomly (stuck).
  5645 | D:6      | 5645 ||| Stepping randomly (stuck).
  5646 | D:6      | 5646 ||| Stepping randomly (stuck).
  5647 | D:6      | 5647 ||| Stepping randomly (stuck).
  5648 | D:6      | 5648 ||| Stepping randomly (stuck).
  5649 | D:6      | 5649 ||| Stepping randomly (stuck).
  5650 | D:6      | 5650 ||| Stepping randomly (stuck).
  5651 | D:6      | 5651 ||| Stepping randomly (stuck).
  5652 | D:6      | 5652 ||| Stepping randomly (stuck).
  5653 | D:6      | 5653 ||| Stepping randomly (stuck).
  5654 | D:6      | 5654 ||| Stepping randomly (stuck).
  5655 | D:6      | 5655 ||| Stepping randomly (stuck).
  5656 | D:6      | 5656 ||| Stepping randomly (stuck).
  5657 | D:6      | 5657 ||| Stepping randomly (stuck).
  5658 | D:6      | 5658 ||| Stepping randomly (stuck).
  5659 | D:6      | 5659 ||| Stepping randomly (stuck).
  5660 | D:6      | 5660 ||| Stepping randomly (stuck).
  5661 | D:6      | 5661 ||| Stepping randomly (stuck).
  5662 | D:6      | 5662 ||| Stepping randomly (stuck).
  5663 | D:6      | 5663 ||| Stepping randomly (stuck).
  5664 | D:6      | 5664 ||| Stepping randomly (stuck).
  5665 | D:6      | 5665 ||| Stepping randomly (stuck).
  5666 | D:6      | 5666 ||| Stepping randomly (stuck).
  5667 | D:6      | 5667 ||| Stepping randomly (stuck).
  5668 | D:6      | 5668 ||| Stepping randomly (stuck).
  5669 | D:6      | 5669 ||| Stepping randomly (stuck).
  5670 | D:6      | 5670 ||| Stepping randomly (stuck).
  5671 | D:6      | 5671 ||| Stepping randomly (stuck).
  5672 | D:6      | 5672 ||| Stepping randomly (stuck).
  5673 | D:6      | 5673 ||| Stepping randomly (stuck).
  5674 | D:6      | 5674 ||| Stepping randomly (stuck).
  5675 | D:6      | 5675 ||| Stepping randomly (stuck).
  5676 | D:6      | 5676 ||| Stepping randomly (stuck).
  5677 | D:6      | 5677 ||| Stepping randomly (stuck).
  5678 | D:6      | 5678 ||| Stepping randomly (stuck).
  5679 | D:6      | 5679 ||| Stepping randomly (stuck).
  5680 | D:6      | 5680 ||| Stepping randomly (stuck).
  5681 | D:6      | 5681 ||| Stepping randomly (stuck).
  5682 | D:6      | 5682 ||| Stepping randomly (stuck).
  5683 | D:6      | 5683 ||| Stepping randomly (stuck).
  5684 | D:6      | 5684 ||| Stepping randomly (stuck).
  5685 | D:6      | 5685 ||| Stepping randomly (stuck).
  5686 | D:6      | 5686 ||| Stepping randomly (stuck).
  5687 | D:6      | 5687 ||| Stepping randomly (stuck).
  5688 | D:6      | 5688 ||| Stepping randomly (stuck).
  5689 | D:6      | 5689 ||| Stepping randomly (stuck).
  5690 | D:6      | 5690 ||| Stepping randomly (stuck).
  5691 | D:6      | 5691 ||| Stepping randomly (stuck).
  5692 | D:6      | 5692 ||| Stepping randomly (stuck).
  5693 | D:6      | 5693 ||| Stepping randomly (stuck).
  5694 | D:6      | 5694 ||| Stepping randomly (stuck).
  5695 | D:6      | 5695 ||| Stepping randomly (stuck).
  5696 | D:6      | 5696 ||| Stepping randomly (stuck).
  5697 | D:6      | 5697 ||| Stepping randomly (stuck).
  5698 | D:6      | 5698 ||| Stepping randomly (stuck).
  5699 | D:6      | 5699 ||| Stepping randomly (stuck).
  5700 | D:6      | 5700 ||| Stepping randomly (stuck).
  5701 | D:6      | 5701 ||| Stepping randomly (stuck).
  5702 | D:6      | 5702 ||| Stepping randomly (stuck).
  5703 | D:6      | 5703 ||| Stepping randomly (stuck).
  5704 | D:6      | 5704 ||| Stepping randomly (stuck).
  5705 | D:6      | 5705 ||| Stepping randomly (stuck).
  5706 | D:6      | 5706 ||| Stepping randomly (stuck).
  5707 | D:6      | 5707 ||| Stepping randomly (stuck).
  5708 | D:6      | 5708 ||| Stepping randomly (stuck).
  5709 | D:6      | 5709 ||| Stepping randomly (stuck).
  5710 | D:6      | 5710 ||| Stepping randomly (stuck).
  5711 | D:6      | 5711 ||| Stepping randomly (stuck).
  5712 | D:6      | 5712 ||| Stepping randomly (stuck).
  5713 | D:6      | 5713 ||| Stepping randomly (stuck).
  5714 | D:6      | 5714 ||| Stepping randomly (stuck).
  5715 | D:6      | 5715 ||| Stepping randomly (stuck).
  5716 | D:6      | 5716 ||| Stepping randomly (stuck).
  5717 | D:6      | 5717 ||| Stepping randomly (stuck).
  5718 | D:6      | 5718 ||| Stepping randomly (stuck).
  5719 | D:6      | 5719 ||| Stepping randomly (stuck).
  5720 | D:6      | 5720 ||| Stepping randomly (stuck).
  5721 | D:6      | 5721 ||| Stepping randomly (stuck).
  5722 | D:6      | 5722 ||| Stepping randomly (stuck).
  5723 | D:6      | 5723 ||| Stepping randomly (stuck).
  5724 | D:6      | 5724 ||| Stepping randomly (stuck).
  5725 | D:6      | 5725 ||| Stepping randomly (stuck).
  5726 | D:6      | 5726 ||| Stepping randomly (stuck).
  5727 | D:6      | 5727 ||| Stepping randomly (stuck).
  5728 | D:6      | 5728 ||| Stepping randomly (stuck).
  5729 | D:6      | 5729 ||| Stepping randomly (stuck).
  5730 | D:6      | 5730 ||| Stepping randomly (stuck).
  5731 | D:6      | 5731 ||| Stepping randomly (stuck).
  5732 | D:6      | 5732 ||| Stepping randomly (stuck).
  5733 | D:6      | 5733 ||| Stepping randomly (stuck).
  5734 | D:6      | 5734 ||| Stepping randomly (stuck).
  5735 | D:6      | 5735 ||| Stepping randomly (stuck).
  5736 | D:6      | 5736 ||| Stepping randomly (stuck).
  5737 | D:6      | 5737 ||| Stepping randomly (stuck).
  5738 | D:6      | 5738 ||| Stepping randomly (stuck).
  5739 | D:6      | 5739 ||| Stepping randomly (stuck).
  5740 | D:6      | 5740 ||| Stepping randomly (stuck).
  5741 | D:6      | 5741 ||| Stepping randomly (stuck).
  5742 | D:6      | 5742 ||| Stepping randomly (stuck).
  5743 | D:6      | 5743 ||| Stepping randomly (stuck).
  5744 | D:6      | 5744 ||| Stepping randomly (stuck).
  5745 | D:6      | 5745 ||| Stepping randomly (stuck).
  5746 | D:6      | 5746 ||| Stepping randomly (stuck).
  5747 | D:6      | 5747 ||| Stepping randomly (stuck).
  5748 | D:6      | 5748 ||| Stepping randomly (stuck).
  5749 | D:6      | 5749 ||| Stepping randomly (stuck).
  5750 | D:6      | 5750 ||| Stepping randomly (stuck).
  5751 | D:6      | 5751 ||| Stepping randomly (stuck).
  5752 | D:6      | 5752 ||| Stepping randomly (stuck).
  5753 | D:6      | 5753 ||| Stepping randomly (stuck).
  5754 | D:6      | 5754 ||| Stepping randomly (stuck).
  5755 | D:6      | 5755 ||| Stepping randomly (stuck).
  5756 | D:6      | 5756 ||| Stepping randomly (stuck).
  5757 | D:6      | 5757 ||| Stepping randomly (stuck).
  5758 | D:6      | 5758 ||| Stepping randomly (stuck).
  5759 | D:6      | 5759 ||| Stepping randomly (stuck).
  5760 | D:6      | 5760 ||| Stepping randomly (stuck).
  5761 | D:6      | 5761 ||| Stepping randomly (stuck).
  5762 | D:6      | 5762 ||| Stepping randomly (stuck).
  5763 | D:6      | 5763 ||| Stepping randomly (stuck).
  5764 | D:6      | 5764 ||| Stepping randomly (stuck).
  5765 | D:6      | 5765 ||| Stepping randomly (stuck).
  5766 | D:6      | 5766 ||| Stepping randomly (stuck).
  5767 | D:6      | 5767 ||| Stepping randomly (stuck).
  5768 | D:6      | 5768 ||| Stepping randomly (stuck).
  5769 | D:6      | 5769 ||| Stepping randomly (stuck).
  5770 | D:6      | 5770 ||| Stepping randomly (stuck).
  5771 | D:6      | 5771 ||| Stepping randomly (stuck).
  5772 | D:6      | 5772 ||| Stepping randomly (stuck).
  5773 | D:6      | 5773 ||| Stepping randomly (stuck).
  5774 | D:6      | 5774 ||| Stepping randomly (stuck).
  5775 | D:6      | 5775 ||| Stepping randomly (stuck).
  5776 | D:6      | 5776 ||| Stepping randomly (stuck).
  5777 | D:6      | 5777 ||| Stepping randomly (stuck).
  5778 | D:6      | 5778 ||| Stepping randomly (stuck).
  5779 | D:6      | 5779 ||| Stepping randomly (stuck).
  5780 | D:6      | 5780 ||| Stepping randomly (stuck).
  5781 | D:6      | 5781 ||| Stepping randomly (stuck).
  5782 | D:6      | 5782 ||| Stepping randomly (stuck).
  5783 | D:6      | 5783 ||| Stepping randomly (stuck).
  5784 | D:6      | 5784 ||| Stepping randomly (stuck).
  5785 | D:6      | 5785 ||| Stepping randomly (stuck).
  5786 | D:6      | 5786 ||| Stepping randomly (stuck).
  5787 | D:6      | 5787 ||| Stepping randomly (stuck).
  5788 | D:6      | 5788 ||| Stepping randomly (stuck).
  5789 | D:6      | 5789 ||| Stepping randomly (stuck).
  5790 | D:6      | 5790 ||| Stepping randomly (stuck).
  5791 | D:6      | 5791 ||| Stepping randomly (stuck).
  5792 | D:6      | 5792 ||| Stepping randomly (stuck).
  5793 | D:6      | 5793 ||| Stepping randomly (stuck).
  5794 | D:6      | 5794 ||| Stepping randomly (stuck).
  5795 | D:6      | 5795 ||| Stepping randomly (stuck).
  5796 | D:6      | 5796 ||| Stepping randomly (stuck).
  5797 | D:6      | 5797 ||| Stepping randomly (stuck).
  5798 | D:6      | 5798 ||| Stepping randomly (stuck).
  5799 | D:6      | 5799 ||| Stepping randomly (stuck).
  5800 | D:6      | 5800 ||| Stepping randomly (stuck).
  5801 | D:6      | 5801 ||| Stepping randomly (stuck).
  5802 | D:6      | 5802 ||| Stepping randomly (stuck).
  5803 | D:6      | 5803 ||| Stepping randomly (stuck).
  5804 | D:6      | 5804 ||| Stepping randomly (stuck).
  5805 | D:6      | 5805 ||| Stepping randomly (stuck).
  5806 | D:6      | 5806 ||| Stepping randomly (stuck).
  5807 | D:6      | 5807 ||| Stepping randomly (stuck).
  5808 | D:6      | 5808 ||| Stepping randomly (stuck).
  5809 | D:6      | 5809 ||| Stepping randomly (stuck).
  5810 | D:6      | 5810 ||| Stepping randomly (stuck).
  5811 | D:6      | 5811 ||| Stepping randomly (stuck).
  5812 | D:6      | 5812 ||| Stepping randomly (stuck).
  5813 | D:6      | 5813 ||| Stepping randomly (stuck).
  5814 | D:6      | 5814 ||| Stepping randomly (stuck).
  5815 | D:6      | 5815 ||| Stepping randomly (stuck).
  5816 | D:6      | 5816 ||| Stepping randomly (stuck).
  5817 | D:6      | 5817 ||| Stepping randomly (stuck).
  5818 | D:6      | 5818 ||| Stepping randomly (stuck).
  5819 | D:6      | 5819 ||| Stepping randomly (stuck).
  5820 | D:6      | 5820 ||| Stepping randomly (stuck).
  5821 | D:6      | 5821 ||| Stepping randomly (stuck).
  5822 | D:6      | 5822 ||| Stepping randomly (stuck).
  5823 | D:6      | 5823 ||| Stepping randomly (stuck).
  5824 | D:6      | 5824 ||| Stepping randomly (stuck).
  5825 | D:6      | 5825 ||| Stepping randomly (stuck).
  5826 | D:6      | 5826 ||| Stepping randomly (stuck).
  5827 | D:6      | 5827 ||| Stepping randomly (stuck).
  5828 | D:6      | 5828 ||| Stepping randomly (stuck).
  5829 | D:6      | 5829 ||| Stepping randomly (stuck).
  5830 | D:6      | 5830 ||| Stepping randomly (stuck).
  5831 | D:6      | 5831 ||| Stepping randomly (stuck).
  5832 | D:6      | 5832 ||| Stepping randomly (stuck).
  5833 | D:6      | 5833 ||| Stepping randomly (stuck).
  5834 | D:6      | 5834 ||| Stepping randomly (stuck).
  5835 | D:6      | 5835 ||| Stepping randomly (stuck).
  5836 | D:6      | 5836 ||| Stepping randomly (stuck).
  5837 | D:6      | 5837 ||| Stepping randomly (stuck).
  5838 | D:6      | 5838 ||| Stepping randomly (stuck).
  5839 | D:6      | 5839 ||| Stepping randomly (stuck).
  5840 | D:6      | 5840 ||| Stepping randomly (stuck).
  5841 | D:6      | 5841 ||| Stepping randomly (stuck).
  5842 | D:6      | 5842 ||| Stepping randomly (stuck).
  5843 | D:6      | 5843 ||| Stepping randomly (stuck).
  5844 | D:6      | 5844 ||| Stepping randomly (stuck).
  5845 | D:6      | 5845 ||| Stepping randomly (stuck).
  5846 | D:6      | 5846 ||| Stepping randomly (stuck).
  5847 | D:6      | 5847 ||| Stepping randomly (stuck).
  5848 | D:6      | 5848 ||| Stepping randomly (stuck).
  5849 | D:6      | 5849 ||| Stepping randomly (stuck).
  5850 | D:6      | 5850 ||| Stepping randomly (stuck).
  5851 | D:6      | 5851 ||| Stepping randomly (stuck).
  5852 | D:6      | 5852 ||| Stepping randomly (stuck).
  5853 | D:6      | 5853 ||| Stepping randomly (stuck).
  5854 | D:6      | 5854 ||| Stepping randomly (stuck).
  5855 | D:6      | 5855 ||| Stepping randomly (stuck).
  5856 | D:6      | 5856 ||| Stepping randomly (stuck).
  5857 | D:6      | 5857 ||| Stepping randomly (stuck).
  5858 | D:6      | 5858 ||| Stepping randomly (stuck).
  5859 | D:6      | 5859 ||| Stepping randomly (stuck).
  5860 | D:6      | 5860 ||| Stepping randomly (stuck).
  5861 | D:6      | 5861 ||| Stepping randomly (stuck).
  5862 | D:6      | 5862 ||| Stepping randomly (stuck).
  5863 | D:6      | 5863 ||| Stepping randomly (stuck).
  5864 | D:6      | 5864 ||| Stepping randomly (stuck).
  5865 | D:6      | 5865 ||| Stepping randomly (stuck).
  5866 | D:6      | 5866 ||| Stepping randomly (stuck).
  5867 | D:6      | 5867 ||| Stepping randomly (stuck).
  5868 | D:6      | 5868 ||| Stepping randomly (stuck).
  5869 | D:6      | 5869 ||| Stepping randomly (stuck).
  5870 | D:6      | 5870 ||| Stepping randomly (stuck).
  5871 | D:6      | 5871 ||| Stepping randomly (stuck).
  5872 | D:6      | 5872 ||| Stepping randomly (stuck).
  5873 | D:6      | 5873 ||| Stepping randomly (stuck).
  5874 | D:6      | 5874 ||| Stepping randomly (stuck).
  5875 | D:6      | 5875 ||| Stepping randomly (stuck).
  5876 | D:6      | 5876 ||| Stepping randomly (stuck).
  5877 | D:6      | 5877 ||| Stepping randomly (stuck).
  5878 | D:6      | 5878 ||| Stepping randomly (stuck).
  5879 | D:6      | 5879 ||| Stepping randomly (stuck).
  5880 | D:6      | 5880 ||| Stepping randomly (stuck).
  5881 | D:6      | 5881 ||| Stepping randomly (stuck).
  5882 | D:6      | 5882 ||| Stepping randomly (stuck).
  5883 | D:6      | 5883 ||| Stepping randomly (stuck).
  5884 | D:6      | 5884 ||| Stepping randomly (stuck).
  5885 | D:6      | 5885 ||| Stepping randomly (stuck).
  5886 | D:6      | 5886 ||| Stepping randomly (stuck).
  5887 | D:6      | 5887 ||| Stepping randomly (stuck).
  5888 | D:6      | 5888 ||| Stepping randomly (stuck).
  5889 | D:6      | 5889 ||| Stepping randomly (stuck).
  5890 | D:6      | 5890 ||| Stepping randomly (stuck).
  5891 | D:6      | 5891 ||| Stepping randomly (stuck).
  5892 | D:6      | 5892 ||| Stepping randomly (stuck).
  5893 | D:6      | 5893 ||| Stepping randomly (stuck).
  5894 | D:6      | 5894 ||| Stepping randomly (stuck).
  5895 | D:6      | 5895 ||| Stepping randomly (stuck).
  5896 | D:6      | 5896 ||| Stepping randomly (stuck).
  5897 | D:6      | 5897 ||| Stepping randomly (stuck).
  5898 | D:6      | 5898 ||| Stepping randomly (stuck).
  5899 | D:6      | 5899 ||| Stepping randomly (stuck).
  5900 | D:6      | 5900 ||| Stepping randomly (stuck).
  5901 | D:6      | 5901 ||| Stepping randomly (stuck).
  5902 | D:6      | 5902 ||| Stepping randomly (stuck).
  5903 | D:6      | 5903 ||| Stepping randomly (stuck).
  5904 | D:6      | 5904 ||| Stepping randomly (stuck).
  5905 | D:6      | 5905 ||| Stepping randomly (stuck).
  5906 | D:6      | 5906 ||| Stepping randomly (stuck).
  5907 | D:6      | 5907 ||| Stepping randomly (stuck).
  5908 | D:6      | 5908 ||| Stepping randomly (stuck).
  5909 | D:6      | 5909 ||| Stepping randomly (stuck).
  5910 | D:6      | 5910 ||| Stepping randomly (stuck).
  5911 | D:6      | 5911 ||| Stepping randomly (stuck).
  5912 | D:6      | 5912 ||| Stepping randomly (stuck).
  5913 | D:6      | 5913 ||| Stepping randomly (stuck).
  5914 | D:6      | 5914 ||| Stepping randomly (stuck).
  5915 | D:6      | 5915 ||| Stepping randomly (stuck).
  5916 | D:6      | 5916 ||| Stepping randomly (stuck).
  5917 | D:6      | 5917 ||| Stepping randomly (stuck).
  5918 | D:6      | 5918 ||| Stepping randomly (stuck).
  5919 | D:6      | 5919 ||| Stepping randomly (stuck).
  5920 | D:6      | 5920 ||| Stepping randomly (stuck).
  5921 | D:6      | 5921 ||| Stepping randomly (stuck).
  5922 | D:6      | 5922 ||| Stepping randomly (stuck).
  5923 | D:6      | 5923 ||| Stepping randomly (stuck).
  5924 | D:6      | 5924 ||| Stepping randomly (stuck).
  5925 | D:6      | 5925 ||| Stepping randomly (stuck).
  5926 | D:6      | 5926 ||| Stepping randomly (stuck).
  5927 | D:6      | 5927 ||| Stepping randomly (stuck).
  5928 | D:6      | 5928 ||| Stepping randomly (stuck).
  5929 | D:6      | 5929 ||| Stepping randomly (stuck).
  5930 | D:6      | 5930 ||| Stepping randomly (stuck).
  5931 | D:6      | 5931 ||| Stepping randomly (stuck).
  5932 | D:6      | 5932 ||| Stepping randomly (stuck).
  5933 | D:6      | 5933 ||| Stepping randomly (stuck).
  5934 | D:6      | 5934 ||| Stepping randomly (stuck).
  5935 | D:6      | 5935 ||| Stepping randomly (stuck).
  5936 | D:6      | 5936 ||| Stepping randomly (stuck).
  5937 | D:6      | 5937 ||| Stepping randomly (stuck).
  5938 | D:6      | 5938 ||| Stepping randomly (stuck).
  5939 | D:6      | 5939 ||| Stepping randomly (stuck).
  5940 | D:6      | 5940 ||| Stepping randomly (stuck).
  5941 | D:6      | 5941 ||| Stepping randomly (stuck).
  5942 | D:6      | 5942 ||| Stepping randomly (stuck).
  5943 | D:6      | 5943 ||| Stepping randomly (stuck).
  5944 | D:6      | 5944 ||| Stepping randomly (stuck).
  5945 | D:6      | 5945 ||| Stepping randomly (stuck).
  5946 | D:6      | 5946 ||| Stepping randomly (stuck).
  5947 | D:6      | 5947 ||| Stepping randomly (stuck).
  5948 | D:6      | 5948 ||| Stepping randomly (stuck).
  5949 | D:6      | 5949 ||| Stepping randomly (stuck).
  5950 | D:6      | 5950 ||| Stepping randomly (stuck).
  5951 | D:6      | 5951 ||| Stepping randomly (stuck).
  5952 | D:6      | 5952 ||| Stepping randomly (stuck).
  5953 | D:6      | 5953 ||| Stepping randomly (stuck).
  5954 | D:6      | 5954 ||| Stepping randomly (stuck).
  5955 | D:6      | 5955 ||| Stepping randomly (stuck).
  5956 | D:6      | 5956 ||| Stepping randomly (stuck).
  5957 | D:6      | 5957 ||| Stepping randomly (stuck).
  5958 | D:6      | 5958 ||| Stepping randomly (stuck).
  5959 | D:6      | 5959 ||| Stepping randomly (stuck).
  5960 | D:6      | 5960 ||| Stepping randomly (stuck).
  5961 | D:6      | 5961 ||| Stepping randomly (stuck).
  5962 | D:6      | 5962 ||| Stepping randomly (stuck).
  5963 | D:6      | 5963 ||| Stepping randomly (stuck).
  5964 | D:6      | 5964 ||| INVOKING Heroism.
  5969 | D:6      | 5969 ||| Stepping randomly (stuck).
  5970 | D:6      | 5970 ||| Stepping randomly (stuck).
  5971 | D:6      | 5971 ||| Stepping randomly (stuck).
  5972 | D:6      | 5972 ||| Stepping randomly (stuck).
  5973 | D:6      | 5973 ||| Stepping randomly (stuck).
  5974 | D:6      | 5974 ||| Stepping randomly (stuck).
  5975 | D:6      | 5975 ||| Stepping randomly (stuck).
  5976 | D:6      | 5976 ||| Stepping randomly (stuck).
  5977 | D:6      | 5977 ||| Stepping randomly (stuck).
  5978 | D:6      | 5978 ||| Stepping randomly (stuck).
  5979 | D:6      | 5979 ||| Stepping randomly (stuck).
  5980 | D:6      | 5980 ||| Stepping randomly (stuck).
  5981 | D:6      | 5981 ||| Stepping randomly (stuck).
  5982 | D:6      | 5982 ||| Stepping randomly (stuck).
  5983 | D:6      | 5983 ||| Stepping randomly (stuck).
  5984 | D:6      | 5984 ||| Stepping randomly (stuck).
  5985 | D:6      | 5985 ||| Stepping randomly (stuck).
  5986 | D:6      | 5986 ||| Stepping randomly (stuck).
  5987 | D:6      | 5987 ||| Stepping randomly (stuck).
  5988 | D:6      | 5988 ||| Stepping randomly (stuck).
  5989 | D:6      | 5989 ||| Stepping randomly (stuck).
  5990 | D:6      | 5990 ||| Stepping randomly (stuck).
  5991 | D:6      | 5991 ||| Stepping randomly (stuck).
  5992 | D:6      | 5992 ||| Stepping randomly (stuck).
  5993 | D:6      | 5993 ||| Stepping randomly (stuck).
  5994 | D:6      | 5994 ||| Stepping randomly (stuck).
  5995 | D:6      | 5995 ||| Stepping randomly (stuck).
  5996 | D:6      | 5996 ||| Stepping randomly (stuck).
  5997 | D:6      | 5997 ||| Stepping randomly (stuck).
  5998 | D:6      | 5998 ||| Stepping randomly (stuck).
  5999 | D:6      | 5999 ||| Stepping randomly (stuck).
  6000 | D:6      | 6000 ||| Stepping randomly (stuck).
  6001 | D:6      | 6001 ||| Stepping randomly (stuck).
  6002 | D:6      | 6002 ||| Stepping randomly (stuck).
  6003 | D:6      | 6003 ||| Stepping randomly (stuck).
  6004 | D:6      | 6004 ||| Stepping randomly (stuck).
  6005 | D:6      | 6005 ||| Stepping randomly (stuck).
  6006 | D:6      | 6006 ||| Stepping randomly (stuck).
  6007 | D:6      | 6007 ||| Stepping randomly (stuck).
  6008 | D:6      | 6008 ||| Stepping randomly (stuck).
  6009 | D:6      | 6009 ||| Stepping randomly (stuck).
  6010 | D:6      | 6010 ||| Stepping randomly (stuck).
  6011 | D:6      | 6011 ||| Stepping randomly (stuck).
  6012 | D:6      | 6012 ||| Stepping randomly (stuck).
  6013 | D:6      | 6013 ||| Stepping randomly (stuck).
  6014 | D:6      | 6014 ||| Stepping randomly (stuck).
  6015 | D:6      | 6015 ||| Stepping randomly (stuck).
  6016 | D:6      | 6016 ||| Stepping randomly (stuck).
  6017 | D:6      | 6017 ||| Stepping randomly (stuck).
  6018 | D:6      | 6018 ||| Stepping randomly (stuck).
  6019 | D:6      | 6019 ||| Stepping randomly (stuck).
  6020 | D:6      | 6020 ||| Stepping randomly (stuck).
  6021 | D:6      | 6021 ||| Stepping randomly (stuck).
  6022 | D:6      | 6022 ||| Stepping randomly (stuck).
  6023 | D:6      | 6023 ||| Stepping randomly (stuck).
  6024 | D:6      | 6024 ||| Stepping randomly (stuck).
  6025 | D:6      | 6025 ||| Stepping randomly (stuck).
  6026 | D:6      | 6026 ||| Stepping randomly (stuck).
  6027 | D:6      | 6027 ||| Stepping randomly (stuck).
  6028 | D:6      | 6028 ||| Stepping randomly (stuck).
  6029 | D:6      | 6029 ||| Stepping randomly (stuck).
  6030 | D:6      | 6030 ||| Stepping randomly (stuck).
  6031 | D:6      | 6031 ||| Stepping randomly (stuck).
  6032 | D:6      | 6032 ||| Stepping randomly (stuck).
  6033 | D:6      | 6033 ||| Stepping randomly (stuck).
  6034 | D:6      | 6034 ||| Stepping randomly (stuck).
  6035 | D:6      | Quit the game

Levels and vault maps discovered:
D:1:      giann_bridges, layout_loops_ring,
          shapermc_ecumenical_altar_notcrosses, serial_shops,
          nicolae_shop_waterfront, shop, shop, shop, grunt_decor_mini_mirrors,
          minmay_pentomino_w2
D:2:      layout_rooms
D:3:      layout_basic, serial_shops, shop, minmay_fountain_box, st_stairs_6
D:4:      layout_cave_pools, gammafunk_ghost_icy
D:5:      layout_basic, cheibriados_altar_1,
          mainiacjoe_overflow_six_doors_small, minmay_temple_entry_slanted,
          cheibrodos_sewer_entry_bend, minmay_misc_feat_rows,
          minmay_gold_behind_fungi, nrook_mini_backslash, uniq_prince_ribbit1,
          uniq_blork_the_orc
D:6:      minmay_klotski, layout_basic, uniq_pikel
Temple:   hellmonk_temple_rainy

Skill      XL: |  1  2  3  4  5  6  7  8  9 10 |
---------------+-------------------------------+-----
Axes           | 2 3 4 5 6 7 8 9 |  9.3
Fighting       | 4 5 6 7 |  7.0
Armour         | 4 7 |  7.0
Dodging        | 1 |  1.5
Throwing       | 1 |  1.4
Invocations    | 4 |  4.2
Shields        | 5 |  5.2

Action                     |  1- 3 |  4- 6 |  7- 9 | 10-12 || total
---------------------------+-------+-------+-------+-------++-------
  Melee: War axe           |    83 |    97 |   160 |    20 ||   360
  Throw: Boomerang         |       |     4 |    41 |    11 ||    56
 Invoke: Heroism           |       |       |     3 |     2 ||     5
    Use: Scroll            |     3 |     8 |     4 |       ||    15
         Potion            |     1 |     4 |     3 |       ||     8
 Armour: Scale mail        |    37 |     1 |       |       ||    38
         Chain mail        |       |    47 |       |       ||    47
         Plate armour      |       |    16 |   143 |    11 ||   170
  Dodge: Dodged            |    31 |    28 |    60 |     8 ||   127
  Block: Buckler           |    15 |    14 |    38 |     1 ||    68

Table legend:
 A = Non-vault XP
 B = Vault XP
 C = Vault XP percentage of total XP
 D = Non-vault monster count
 E = Vault monster count
 F = Vault count percentage of total count
                 A         B        C        D         E       F
            +---------+---------+-------+---------+---------+-------
      Total |    2094 |    3158 |  60.1 |      87 |      23 |  20.9
            +---------+---------+-------+---------+---------+-------
        D:1 |      30 |       1 |   3.2 |      18 |       1 |   5.3
        D:2 |      61 |       0 |   0.0 |      12 |       0 |   0.0
        D:3 |      16 |       2 |  11.1 |       8 |       2 |  20.0
        D:4 |     308 |     100 |  24.5 |      10 |       1 |   9.1
        D:5 |     682 |     301 |  30.6 |      17 |       3 |  15.0
        D:6 |     997 |    2754 |  73.4 |      22 |      16 |  42.1
            +---------+---------+-------+---------+---------+-------
